 Dungeon Crawl Stone Soup version 0.30.1-11-g7821555f0a (webtiles) character file.

Game seed: 5214580968566675176

2364 KittyFluff the Covered (level 9, 0/55 HPs)
             Began as a Gargoyle Berserker on Nov 24, 2023.
             Was an Elder of Trog.
             Shot with a sling bullet by Joseph (14 damage)
             ... on level 8 of the Dungeon.
             The game lasted 00:24:22 (5848 turns).

KittyFluff the Covered (Gargoyle Berserker)         Turns: 5848, Time: 00:24:22

Health: 0/55       AC: 12    Str: 32    XL:     9   Next: 44%
Magic:  9/9        EV: 12    Int:  7    God:    Trog [****..]
Gold:   476        SH:  0    Dex:  9    Spells: 8/8 levels left

rFire   . . .        q - +4 whip (venom)
rCold   . . .        (no shield)
rNeg    + . .        h - +2 leather armour {Will+}
rPois   ∞            (no helmet)
rElec   +            (no cloak)
rCorr   .            (no gloves)
SInv    .            (no boots)
Will    +....        (no amulet)
Stlth   ++           v - +6 ring of strength
HPRegen 0.29/turn    (no ring)
MPRegen 0.11/turn

%: no passive effects
@: no status effects
A: sickness immunity, AC +6, negative energy resistance 1, electricity
resistance, torment resistance 1, petrification resistance
a: Renounce Religion, Berserk, Trog's Hand, Brothers in Arms


You were on level 8 of the Dungeon.
You worshipped Trog.
Trog was greatly pleased with you.
You visited 1 branch of the dungeon, and saw 8 of its levels.

You collected 476 gold pieces.

Inventory:

Hand Weapons
 a - a +0 flail of draining
 f - a +0 sling
 q - a +4 whip of venom (weapon)
Missiles
 l - 8 boomerangs (quivered)
 t - 3 poisoned darts
 x - a throwing net
 E - 3 silver javelins
Armour
 c - a +0 leather armour of cold resistance
 h - a +2 leather armour of willpower (worn)
 A - a +0 leather armour of fire resistance
 B - +0 steam dragon scales
 J - a +2 hat
Jewellery
 v - a +6 ring of strength (left hand)
Wands
 H - a wand of iceblast (5)
Scrolls
 b - a scroll of silence {unknown}
 g - a scroll of poison {unknown}
 j - a scroll of teleportation {unknown}
 m - 5 scrolls of enchant armour
 r - a scroll of immolation {unknown}
 s - 3 scrolls of enchant weapon
 y - a scroll of fog {unknown}
 F - 3 scrolls of magic mapping
 G - a scroll of torment
 I - a scroll of brand weapon {unknown}
Potions
 d - 4 potions of lignification
 e - 3 potions of curing
 i - a potion of berserk rage {unknown}
 k - a potion of might
 n - 4 potions of heal wounds
 o - a potion of degeneration {unknown}
 p - a potion of mutation {unknown}
 u - a potion of flight {unknown}
 w - 2 potions of attraction {unknown}
 z - a potion of resistance
 C - a potion of brilliance {unknown}
 D - a potion of ambrosia {unknown}


   Skills:
 + Level 6.1 Fighting
 * Level 7.3 Maces & Flails
 * Level 7.5 Armour
 + Level 4.0 Dodging
 + Level 5.4 Stealth


You had 8 spell levels left.
You didn't know any spells.
Your spell library was empty.

Dungeon Overview and Level Annotations

Branches:
Dungeon (8/15)             Temple (0/1) D:4
   Lair: D:8-11

Altars:
Cheibriados
Sif Muna
Zin
The Shining One

Annotations:
D:8 Joseph


Innate Abilities, Weirdness & Mutations

You are immune to sickness and miasma.
Your stone body is resilient. (AC +6)
You are immune to poison.
You resist negative energy. (rN+)
You are resistant to electric shocks. (rElec)
You are resistant to unholy torment.
You are immune to petrification.


Message History

Found a scroll of magic mapping.
Found a ring mail.
A kobold brigand comes into view.
It is wielding a +0 club and quivering curare-tipped darts.
You see here a scroll of magic mapping.
F - 3 scrolls of magic mapping (gained 1)
Found a stone staircase leading up.
Joseph and 2 kobolds come into view.
A kobold is wielding a +0 dagger and quivering poisoned darts.
Joseph shouts!
The kobold shouts!
The kobold brigand shouts!
The kobold brigand throws a curare-tipped dart.
The curare-tipped dart hits you.
A kobold comes into view. It is wielding a +0 short sword. x2
You hear a shout!
Joseph unwields a +0 quarterstaff.
Joseph wields a +0 sling.
Joseph shoots a sling bullet.
The sling bullet misses you.
Found an embroidered hat.
Something hits you!
Deactivating autopickup; reactivate with Ctrl-A.
Something hits you but does no damage.
You see here a +2 hat.
J - a +2 hat Something hits you but does no damage.
Something hits you.
Joseph tries to grin evilly.
Joseph shoots a sling bullet.
Something hits you but does no damage. Something hits you but does no damage.
Something hits you. Something hits you! Something hits you. Something hits you!
Something hits you but does no damage.
Something hits you but does no damage. x2
Something hits you but does no damage. Something hits you.
Something hits you but does no damage. x2
Something hits you. Something hits you! Something hits you but does no damage.
Something hits you but does no damage. Something hits you but does no damage.
There is a stone staircase leading up here.
Something hits you.
* * * LOW HITPOINT WARNING * * *
Joseph shoots a sling bullet.
The sling bullet hits you!
You die...

.#............
##.....#...... #.....
##..#..##....# ......
##.##...###### ....#
##.###..###### ....#
#..##.....#.####....##.
##..###..@......#.......
....##..................
..#.............@...#
..##.#..............#
.###.#..............# ##
###..............#
#....#..........#
###..####......## ####
.......# .........


You could see Joseph.

Vanquished Creatures
  Eustachio (D:5)
  2 steam dragons (D:7)
  2 water moccasins
  An ogre (D:5)
  An ice beast (D:8)
  2 phantoms
  A centaur (D:7)
  A gnoll sergeant (D:5)
  5 scorpions
  A howler monkey (D:7)
  4 jellies
  7 hounds
  3 orc priests
  2 iguanas
  2 sleepcaps
  5 orc wizards
  A mummy (D:3)
  8 adders
  12 gnolls
  A shadow imp (D:7)
  2 white imps (D:5)
  An ufetubus (D:4)
  2 worms
  A dart slug (D:1)
  21 orcs
  4 ball pythons
  5 bats
  9 endoplasms
  3 giant cockroaches
  7 goblins
  8 hobgoblins
  4 kobolds
  3 quokkas
  2 frilled lizards (D:1)
  4 rats
138 creatures vanquished.

Notes
Turn   | Place    | Note
-------+----------+-------------------------------------------
     0 | D:1      | KittyFluff the Gargoyle Berserker began the quest for the
                  | Orb.
     0 | D:1      | Reached XP level 1. HP: 14/14 MP: 1/1
   270 | D:1      | Reached XP level 2. HP: 18/19 MP: 2/2
   624 | D:2      | Reached XP level 3. HP: 23/23 MP: 3/3
   669 | D:2      | Reached skill level 1 in Stealth
   732 | D:2      | Reached ** piety under Trog
  1382 | D:3      | Reached XP level 4. HP: 28/28 MP: 4/4
  1690 | D:3      | Reached XP level 5. HP: 30/33 MP: 5/5
  1824 | D:3      | Found a snail-covered altar of Cheibriados.
  2013 | D:3      | Reached XP level 6. HP: 35/38 MP: 6/6
  2065 | D:4      | Found a shimmering blue altar of Sif Muna.
  2284 | D:4      | Reached *** piety under Trog
  2407 | D:4      | Reached XP level 7. HP: 30/44 MP: 7/7
  2493 | D:4      | Found a staircase to the Ecumenical Temple.
  2642 | D:5      | Entered Level 5 of the Dungeon
  2741 | D:5      | Reached skill level 5 in Maces & Flails
  2741 | D:5      | Reached skill level 5 in Armour
  3221 | D:5      | Reached XP level 8. HP: 41/48 MP: 8/8
  3483 | D:5      | Found a glowing golden altar of the Shining One.
  3544 | D:5      | Noticed Eustachio
  3555 | D:5      | Killed Eustachio
  3556 | D:5      | Reached skill level 5 in Fighting
  4684 | D:6      | Reached **** piety under Trog
  4841 | D:7      | Reached XP level 9. HP: 28/55 MP: 9/9
  5124 | D:7      | Reached skill level 5 in Stealth
  5432 | D:7      | Found a glowing silver altar of Zin.
  5813 | D:8      | Noticed Joseph
  5848 | D:8      | Shot with a sling bullet by Joseph

Illustrated notes

Levels and vault maps discovered:
D:1:      ldierk_walled_garden, layout_rooms, serial_bayou, serial_bayou_ford_a,
          serial_bayou_lake_a, serial_bayou_shore_b, serial_bayou_crossing,
          dk_noncrumbling_3
D:2:      layout_loops_ring, reono_crystal_passage, minmay_close_crescents
D:3:      layout_rooms, slow_altar_2, cheibrodos_gnoll_hut
D:4:      layout_rooms, mainiacjoe_overflow_paths, minmay_temple_entry_fiery,
          minmay_misc_feat_pillars
D:5:      layout_layer_cave, lemuel_tele_altar, uniq_eustachio
D:6:      layout_basic
D:7:      layout_layer_cave, kennysheep_mini
D:8:      layout_cave_pools, uniq_psyche, uniq_joseph, uniq_erica

Skill      XL: |  1  2  3  4  5  6  7  8  9 |
---------------+----------------------------+-----
Armour         | 3 4 5 6 7 |  7.5
Stealth        | 1 2 3 4 5 |  5.4
Dodging        | 2 3 4 |  4.0
Fighting       | 4 5 6 |  6.1
Maces & Flails | 4 5 6 7 |  7.3

Action                     |  1- 3 |  4- 6 |  7- 9 || total
---------------------------+-------+-------+-------++-------
  Melee: Mace              |    72 |       |       ||    72
         Punch             |     1 |     1 |     2 ||     4
         Whip              |    16 |   150 |   248 ||   414
    Use: Scroll            |       |     6 |     5 ||    11
   Stab: Sleeping          |     2 |     1 |     3 ||     6
 Armour: Animal skin       |    19 |     6 |       ||    25
         Leather armour    |       |    40 |    96 ||   136
  Dodge: Dodged            |    65 |    90 |   115 ||   270
